Flyers vs Predators (R1)

Created - January 4, 2021 at 21:47

Goals
1 2 3 T
Flyers 0 0 0 0
Predators 1 0 2 3
Shots
1 2 3 T
Flyers 2 10 4 16
Predators 11 7 7 25

1st period

1. Predators , Brendan Gallagher 11 (Ryan Mcdonagh 12, Alexander Edler 14) at 3:06

Penalties :
Alexander Edler (Nas) for Hooking (Minor) at 3:34, Alexander Ovechkin (Nas) for Roughing (Minor) at 8:16, Dylan Olsen (Phi) for Slashing (Minor) at 16:27, Dylan Olsen (Phi) for Holding (Minor) at 19:42

2nd period

No Goal

Penalties :
Jordan Nolan (Phi) for Interference (Minor) at 2:49, Justin Faulk (Nas) for Tripping (Minor) at 7:24, Matt Smaby (Phi) for Holding (Minor) at 11:49, Steve Mason (Phi) for Delaying the game (Minor) at 15:09 - Matt Smaby served the penalty, Alexander Ovechkin (Nas) for High sticking (Minor) at 16:05

3rd period

2. Predators , Jaden Schwartz 11 (Justin Abdelkader 10) at 4:50
3. Predators , Mikael Granlund 11 (Ryan Kesler 19, Alexander Ovechkin 20) at 17:28 (PP)

Penalties :
Mark Pysyk (Nas) for Tripping (Minor) at 1:51, Jack Eichel (Nas) for Hooking (Minor) at 6:27, Alexander Edler (Nas) for Hooking (Minor) at 10:13, Erik Christensen (Phi) for Tripping (Minor) at 17:16, J.T. Miller (Phi) for Roughing (Minor) at 17:48

Goalie Stats

Steve Mason (Phi), 22 saves from 25 shots - (0.880), L, 13-8-5, 60:00 minutes
Viktor Fasth (Nas), 16 saves from 16 shots - (1.000), W, 14-8-1, 60:00 minutes

Players Stats for Flyers

Player Name              G  A  P  +/- PIM S  H  SB GA TA FO     MP     PP MP  PK MP  
------------------------------------------------------------------------------------
Brock Nelson             0  0  0  -2  0   0  0  0  0  0  1/2     9:53   0:00   0:16 
Chris Mcallister         0  0  0   0  0   1  0  0  0  1  0/0    12:43   0:01   5:25 
Drew Miller              0  0  0   0  0   0  0  0  1  0  0/0    19:10   6:26   5:08 
Dylan Olsen              0  0  0  -1  4   0  1  1  0  0  0/0    17:52   0:30   3:56 
Erik Christensen         0  0  0   0  2   0  0  0  1  0  4/7     9:15   0:03   1:16 
J.T. Miller              0  0  0   0  2   0  1  0  1  1  0/1    17:45   6:23   0:14 
Jakub Voracek            0  0  0  -2  0   3  0  1  1  0  2/5    16:37   6:26   0:00 
Jeff Carter              0  0  0   0  0   2  1  0  0  0  5/8    17:24   6:23   0:11 
Jeff Woywitka            0  0  0   0  0   0  2  2  0  1  0/0    23:40   6:48   5:59 
Jonathan Ericsson        0  0  0  -1  0   0  2  4  0  0  0/0    22:21   5:58   5:09 
Jordan Nolan             0  0  0  -2  2   2  1  1  1  1  12/19  20:52   6:24   4:11 
Marcus Kruger            0  0  0   0  0   4  0  0  1  0  0/1    16:19   6:11   0:00 
Mats Zuccarello          0  0  0   0  0   2  1  1  0  0  0/1     7:57   0:00   0:00 
Matt Smaby               0  0  0  -1  2   1  1  1  0  0  0/0    12:06   0:12   0:00 
Matthew Lombardi         0  0  0   0  0   0  1  1  0  0  2/7    12:35   0:00   5:25 
Nathan Beaulieu          0  0  0   0  0   1  0  1  0  0  0/0    18:57   6:26   1:08 
Oliver Ekman-Larsson     0  0  0  -1  0   0  2  0  1  0  0/0    25:19   5:58   5:54 
Ryan Callahan            0  0  0   0  0   0  1  0  0  0  0/0     7:03   0:01   0:00 

Players Stats for Predators

Player Name              G  A  P  +/- PIM S  H  SB GA TA FO     MP     PP MP  PK MP  
------------------------------------------------------------------------------------
Alex Killorn             0  0  0   0  0   0  0  0  0  0  0/1     7:45   0:00   0:00 
Alexander Edler          0  1  1   1  4   1  2  1  0  2  0/0    26:37   6:13   4:23 
Alexander Ovechkin       0  1  1   0  4   3  1  0  0  0  0/0    19:40   6:41   2:07 
Andy Miele               0  0  0   0  0   1  3  1  0  0  7/11   18:03   4:17   6:34 
Brendan Gallagher        1  0  1   2  0   4  1  1  2  0  0/0    16:01   4:17   2:30 
Byron Bitz               0  0  0   0  0   0  0  0  0  0  0/0    10:41   0:00   3:42 
Dmitri Kalinin           0  0  0   1  0   0  0  1  0  0  0/0     9:06   0:00   0:13 
Jack Eichel              0  0  0   2  2   1  3  0  0  0  3/5    11:10   0:10   0:47 
Jaden Schwartz           1  0  1   2  0   2  3  1  0  0  0/0    17:36   4:17   4:22 
John Moore               0  0  0   0  0   2  0  1  0  0  0/0    22:18   4:50   5:57 
Justin Abdelkader        0  1  1   0  0   1  2  0  0  0  0/0     7:06   0:04   0:00 
Justin Faulk             0  0  0   0  2   1  2  4  0  1  0/0    19:15   4:50   2:17 
Mark Pysyk               0  0  0   0  2   1  0  1  0  0  0/0    13:40   0:00   5:26 
Mikael Granlund          1  0  1   0  0   3  1  0  1  1  2/5    18:36   6:43   0:12 
Nate Schmidt             0  0  0   1  0   0  1  0  1  0  0/0    14:05   0:00   5:57 
Nik Antropov             0  0  0   0  0   1  0  0  0  0  0/4     8:02   0:00   0:00 
Ryan Kesler              0  1  1   0  0   1  4  0  0  1  13/25  17:15   6:39   0:00 
Ryan Mcdonagh            0  1  1   1  0   3  0  1  0  2  0/0    29:04   6:13   6:53 

3 Stars

1 - Viktor Fasth (Nas)
2 - Jaden Schwartz (Nas)
3 - Brendan Gallagher (Nas)

Power Play

Flyers - 0 on 7 Attempt(s) - 0.00%
Predators - 1 on 7 Attempt(s) - 14.29%

Penalty Kill

Flyers - 6 on 7 Attempt(s) - 85.71% - Score 0 goal in Penalty Kill
Predators - 7 on 7 Attempt(s) - 100.00% - Score 0 goal in Penalty Kill

Team Stat

Flyers - Hits : 14 - Faceoff Wins : 26 - Blocked Shots : 13 - Penalty Minutes : 14
Predators - Hits : 23 - Faceoff Wins : 25 - Blocked Shots : 12 - Penalty Minutes : 14

Official

Referees : Unknown
Linesman : Unknown

Game Notes

No Game Note

Finance

Level 1 -- Attendance: 5311 (88.52%) -- Ticket Income $584,210
Level 2 -- Attendance: 3676 (73.52%) -- Ticket Income $257,320
Level 3 -- Attendance: 1449 (72.45%) -- Ticket Income $72,450
Level 4 -- Attendance: 3493 (87.33%) -- Ticket Income $104,790
Luxury Box -- Attendance: 753 (75.30%) -- Ticket Income $150,600
Game was played at the Wildcat center.
Total Attendance: 14682 (81.57%)
Total Ticket Income: $1,169,370
Other Income: $175,406
Total Income: $1,344,776

Flyers

5 vs 5 Forward 
   Center                   Left Wing                Right Wing               Time % Phy DF OF 
 1 Jeff Carter              J.T. Miller              Marcus Kruger            33     0   1  4  
 2 Jordan Nolan             Brock Nelson             Jakub Voracek            32     0   1  4  
 3 Erik Christensen         Drew Miller              Mats Zuccarello          25     0   2  3  
 4 Matthew Lombardi         Chris Mcallister         Ryan Callahan            10     0   4  1  

5 vs 5 Defense 
   Defense                  Defense                                           Time % Phy DF OF 
 1 Oliver Ekman-Larsson     Jonathan Ericsson                                 30     1   3  1  
 2 Jeff Woywitka            Nathan Beaulieu                                   30     1   3  1  
 3 Dylan Olsen              Matt Smaby                                        30     1   3  1  
 4 Oliver Ekman-Larsson     Jeff Woywitka                                     10     1   3  1  

PowerPlay Forward 
   Center                   Left Wing                Right Wing               Time % Phy DF OF 
 1 Jeff Carter              J.T. Miller              Marcus Kruger            50     0   1  4  
 2 Jordan Nolan             Drew Miller              Jakub Voracek            50     0   1  4  

PowerPlay Defense
   Defense                  Defense                                           Time % Phy DF OF 
 1 Oliver Ekman-Larsson     Nathan Beaulieu                                   50     0   2  3  
 2 Jonathan Ericsson        Jeff Woywitka                                     50     0   2  3  

Penalty Kill 4 Players Forward 
   Center                   Wing                     Time % Phy DF OF 
 1 Matthew Lombardi         Chris Mcallister         50     0   4  1  
 2 Jordan Nolan             Drew Miller              50     0   4  1  

Penalty Kill 4 Players Defense
   Defense                  Defense                  Time % Phy DF OF 
 1 Oliver Ekman-Larsson     Dylan Olsen              50     1   4  0  
 2 Jeff Woywitka            Jonathan Ericsson        50     1   4  0  

Penalty Kill - 3 Players Forward 
   Forward                                           Time % Phy DF OF 
 1 Matthew Lombardi                                  50     0   4  1  
 2 Jordan Nolan                                      50     0   4  1  

Penalty Kill - 3 Players Defense
   Defense                  Defense                  Time % Phy DF OF 
 1 Oliver Ekman-Larsson     Dylan Olsen              50     1   4  0  
 2 Jeff Woywitka            Jonathan Ericsson        50     1   4  0  

4 vs 4 Forward 
   Center                   Wing                     Time % Phy DF OF 
 1 Jeff Carter              J.T. Miller              50     0   2  3  
 2 Jordan Nolan             Jakub Voracek            50     0   2  3  

4 vs 4 Defense
   Defense                  Defense                  Time % Phy DF OF 
 1 Oliver Ekman-Larsson     Nathan Beaulieu          50     1   3  1  
 2 Jeff Woywitka            Jonathan Ericsson        50     1   3  1  

Last Minutes Offensive
   Center                   Left Wing                Right Wing               Defense                  Defense                  
   Jeff Carter              J.T. Miller              Jakub Voracek            Oliver Ekman-Larsson     Jeff Woywitka            

Last Minutes Defensive
   Center                   Left Wing                Right Wing               Defense                  Defense                  
   Matthew Lombardi         Drew Miller              Mats Zuccarello          Oliver Ekman-Larsson     Dylan Olsen              

Goaltenders
Starting : Steve Mason              
Backup : Ray Emery                

Extra Forwards
Normal : Jeff Carter, Jordan Nolan, Drew Miller - PP : Jeff Carter, Jordan Nolan - PK : Drew Miller
Extra Defensemen
Normal : Oliver Ekman-Larsson, Jeff Woywitka, Jonathan Ericsson - PP : Oliver Ekman-Larsson - PK : Oliver Ekman-Larsson, Jeff Woywitka
Penalty Shots
Jeff Carter, Jordan Nolan, J.T. Miller, Marcus Kruger, Jakub Voracek

Scratches
Brian Lashoff (Healthy)

Predators

5 vs 5 Forward 
   Center                   Left Wing                Right Wing               Time % Phy DF OF 
 1 Ryan Kesler              Alexander Ovechkin       Mikael Granlund          40     1   2  2  
 2 Jack Eichel              Jaden Schwartz           Brendan Gallagher        30     1   2  2  
 3 Andy Miele               Justin Abdelkader        Byron Bitz               20     1   2  2  
 4 Nik Antropov             Alex Killorn             Mark Pysyk               10     1   2  2  

5 vs 5 Defense 
   Defense                  Defense                                           Time % Phy DF OF 
 1 Ryan Mcdonagh            Alexander Edler                                   40     1   2  2  
 2 John Moore               Justin Faulk                                      33     1   2  2  
 3 Dmitri Kalinin           Nate Schmidt                                      20     1   2  2  
 4 Ryan Mcdonagh            Alexander Edler                                   7      1   2  2  

PowerPlay Forward 
   Center                   Left Wing                Right Wing               Time % Phy DF OF 
 1 Ryan Kesler              Alexander Ovechkin       Mikael Granlund          60     1   1  3  
 2 Andy Miele               Jaden Schwartz           Brendan Gallagher        40     1   1  3  

PowerPlay Defense
   Defense                  Defense                                           Time % Phy DF OF 
 1 Ryan Mcdonagh            Alexander Edler                                   60     1   1  3  
 2 John Moore               Justin Faulk                                      40     1   1  3  

Penalty Kill 4 Players Forward 
   Center                   Wing                     Time % Phy DF OF 
 1 Andy Miele               Mark Pysyk               60     1   2  2  
 2 Jaden Schwartz           Byron Bitz               40     1   2  2  

Penalty Kill 4 Players Defense
   Defense                  Defense                  Time % Phy DF OF 
 1 Ryan Mcdonagh            Alexander Edler          60     1   2  2  
 2 John Moore               Nate Schmidt             40     1   1  3  

Penalty Kill - 3 Players Forward 
   Forward                                           Time % Phy DF OF 
 1 Alexander Ovechkin                                60     1   2  2  
 2 Mikael Granlund                                   40     1   2  2  

Penalty Kill - 3 Players Defense
   Defense                  Defense                  Time % Phy DF OF 
 1 Ryan Mcdonagh            Alexander Edler          60     1   2  2  
 2 John Moore               Nate Schmidt             40     1   2  2  

4 vs 4 Forward 
   Center                   Wing                     Time % Phy DF OF 
 1 Mikael Granlund          Alexander Ovechkin       60     1   2  2  
 2 Jaden Schwartz           Brendan Gallagher        40     1   2  2  

4 vs 4 Defense
   Defense                  Defense                  Time % Phy DF OF 
 1 Ryan Mcdonagh            Alexander Edler          60     1   2  2  
 2 John Moore               Justin Faulk             40     1   2  2  

Last Minutes Offensive
   Center                   Left Wing                Right Wing               Defense                  Defense                  
   Ryan Kesler              Alexander Ovechkin       Mikael Granlund          Ryan Mcdonagh            Alexander Edler          

Last Minutes Defensive
   Center                   Left Wing                Right Wing               Defense                  Defense                  
   Andy Miele               Jaden Schwartz           Brendan Gallagher        John Moore               Ryan Mcdonagh            

Goaltenders
Starting : Viktor Fasth             
Backup : Anders Lindback          

Extra Forwards
Normal : Jack Eichel, Byron Bitz, Nik Antropov - PP : Jack Eichel, Justin Abdelkader - PK : Brendan Gallagher
Extra Defensemen
Normal : Dmitri Kalinin, Nate Schmidt, John Moore - PP : Dmitri Kalinin - PK : Justin Faulk, John Moore
Penalty Shots
Jaden Schwartz, Ryan Kesler, Alexander Ovechkin, Jack Eichel, Ryan Mcdonagh

Scratches
None


% Time on Ice - Flyers

Lines # - Real PCT - Wanted PCT - Time Play
Normal Forward
1 - 30% - 33% - 10:23
2 - 28% - 32% - 9:49
3 - 23% - 25% - 7:57
4 - 20% - 10% - 6:55
Normal Defense
1 - 30% - 30% - 10:36
2 - 33% - 30% - 11:42
3 - 34% - 30% - 11:55
4 - 2% - 10% - 0:51
PP Forward
1 - 50% - 50% - 6:23
2 - 50% - 50% - 6:27
PP Defense
1 - 52% - 50% - 6:37
2 - 48% - 50% - 6:13
PK Forward
1 - 49% - 50% - 5:28
2 - 51% - 50% - 5:35
PK Defense
1 - 53% - 50% - 5:54
2 - 47% - 50% - 5:09
PK3 Forward
1 - 0% - 50%
2 - 0% - 50%
PK3 Defense
1 - 0% - 50%
2 - 0% - 50%
44 Forward
1 - 54% - 50% - 0:34
2 - 46% - 50% - 0:29
44 Defense
1 - 52% - 50% - 0:33
2 - 48% - 50% - 0:30
Last Minute Offensive  - 0:00
Last Minute Defensive  - 0:00
Total
Forward - 60:00
Defense - 60:00

% Time on Ice - Predators

Lines # - Real PCT - Wanted PCT - Time Play
Normal Forward
1 - 33% - 40% - 11:34
2 - 25% - 30% - 8:55
3 - 19% - 20% - 6:50
4 - 22% - 10% - 7:45
Normal Defense
1 - 40% - 40% - 14:07
2 - 33% - 33% - 11:31
3 - 25% - 20% - 8:53
4 - 2% - 7% - 0:33
PP Forward
1 - 61% - 60% - 6:46
2 - 39% - 40% - 4:17
PP Defense
1 - 56% - 60% - 6:13
2 - 44% - 40% - 4:50
PK Forward
1 - 73% - 60% - 9:20
2 - 27% - 40% - 3:30
PK Defense
1 - 54% - 60% - 6:53
2 - 46% - 40% - 5:57
PK3 Forward
1 - 0% - 60%
2 - 0% - 40%
PK3 Defense
1 - 0% - 60%
2 - 0% - 40%
44 Forward
1 - 100% - 60% - 1:03
2 - 0% - 40% - 0:00
44 Defense
1 - 100% - 60% - 1:03
2 - 0% - 40% - 0:00
Last Minute Offensive  - 0:00
Last Minute Defensive  - 0:00
Total
Forward - 60:00
Defense - 60:00

Play-by-Play

1st period


0:01 of 1st period - Ryan Kesler wins face-off versus Marcus Kruger in neutral zone.
0:04 of 1st period - Snap shot by Alexander Ovechkin.
0:04 of 1st period - Stopped by Steve Mason with a rebound.
0:06 of 1st period - Slapshot by Ryan Mcdonagh.
0:06 of 1st period - Stopped by Steve Mason without a rebound.
0:07 of 1st period - Ryan Kesler wins face-off versus Jeff Carter in Flyers zone.
1:27 of 1st period - Slapshot by Jeff Carter.
1:27 of 1st period - Deflect By Jordan Nolan.
1:27 of 1st period - Stopped by Viktor Fasth with a rebound.
1:49 of 1st period - Alexander Ovechkin is hit by Mats Zuccarello and loses puck.
2:31 of 1st period - Wrist shot by Alex Killorn.
2:31 of 1st period - Shot Misses the Net.
2:33 of 1st period - Slapshot by Nate Schmidt.
2:33 of 1st period - Deflect By Alex Killorn.
2:33 of 1st period - Shot Blocked by Nathan Beaulieu.
2:33 of 1st period - Puck is out of play.
2:34 of 1st period - Erik Christensen wins face-off versus Nik Antropov in Flyers zone.
3:04 of 1st period - Slapshot by Ryan Mcdonagh.
3:04 of 1st period - Shot Blocked by Matt Smaby.
3:06 of 1st period - Wrist shot by Brendan Gallagher.
3:06 of 1st period - Goal by Brendan Gallagher - Flyers : 0 - Predators : 1.
3:07 of 1st period - Jakub Voracek wins face-off versus Ryan Kesler in neutral zone.
3:19 of 1st period - Snap shot by Alexander Ovechkin.
3:19 of 1st period - Stopped by Steve Mason with a rebound.
3:21 of 1st period - Snap shot by Ryan Mcdonagh.
3:21 of 1st period - Deflect By Jakub Voracek.
3:21 of 1st period - Stopped by Steve Mason with a rebound.
3:34 of 1st period - Minor Penalty to Alexander Edler for Hooking.
3:35 of 1st period - Jeff Carter wins face-off versus Andy Miele in Predators zone.
5:02 of 1st period - Icing by Drew Miller.
5:03 of 1st period - Andy Miele wins face-off versus Jordan Nolan in Flyers zone.
5:21 of 1st period - Oliver Ekman-Larsson is hit by Justin Faulk and loses puck.
5:34 of 1st period - Penalty to Alexander Edler is over, Alexander Edler is back on ice.
6:04 of 1st period - Slapshot by Jack Eichel.
6:04 of 1st period - Stopped by Steve Mason without a rebound.
6:05 of 1st period - Mikael Granlund wins face-off versus Erik Christensen in Flyers zone.
6:52 of 1st period - Jeff Carter is hit by Andy Miele and loses puck.
7:11 of 1st period - Ryan Mcdonagh is hit by Matthew Lombardi and loses puck.
7:31 of 1st period - Icing by Alex Killorn.
7:32 of 1st period - Erik Christensen wins face-off versus Nik Antropov in Predators zone.
8:16 of 1st period - Minor Penalty to Alexander Ovechkin for Roughing.
8:17 of 1st period - Jordan Nolan wins face-off versus Andy Miele in Predators zone.
8:44 of 1st period - Marcus Kruger is hit by Jaden Schwartz and loses puck.
10:16 of 1st period - Penalty to Alexander Ovechkin is over, Alexander Ovechkin is back on ice.
10:34 of 1st period - Snap shot by Ryan Callahan.
10:34 of 1st period - Shot Blocked by Alexander Edler.
10:36 of 1st period - Slapshot by Dylan Olsen.
10:36 of 1st period - Deflect By Matthew Lombardi.
10:36 of 1st period - Shot Blocked by Andy Miele.
10:36 of 1st period - Puck is out of play.
10:37 of 1st period - Ryan Kesler wins face-off versus Mats Zuccarello in Predators zone.
11:02 of 1st period - Justin Faulk is hit by Dylan Olsen and loses puck.
11:07 of 1st period - Snap shot by Chris Mcallister.
11:07 of 1st period - Shot Blocked by Justin Faulk.
11:09 of 1st period - Wrist shot by Matthew Lombardi.
11:09 of 1st period - Shot Blocked by Justin Faulk.
11:44 of 1st period - Jonathan Ericsson is hit by Mikael Granlund and loses puck.
12:19 of 1st period - Snap shot by Mark Pysyk.
12:19 of 1st period - Shot Misses the Net.
12:21 of 1st period - Slapshot by Alexander Edler.
12:21 of 1st period - Shot Blocked by Jonathan Ericsson.
12:23 of 1st period - Slapshot by Ryan Mcdonagh.
12:23 of 1st period - Shot Blocked by Jonathan Ericsson.
12:25 of 1st period - Slapshot by Alexander Edler.
12:25 of 1st period - Deflect By Mark Pysyk.
12:25 of 1st period - Stopped by Steve Mason without a rebound.
12:26 of 1st period - Jack Eichel wins face-off versus Jordan Nolan in Flyers zone.
12:27 of 1st period - Snap shot by Brendan Gallagher.
12:27 of 1st period - Stopped by Steve Mason without a rebound.
12:28 of 1st period - Brock Nelson wins face-off versus Jack Eichel in Flyers zone.
13:22 of 1st period - Snap shot by Drew Miller.
13:22 of 1st period - Shot Blocked by Justin Faulk.
13:28 of 1st period - Jeff Woywitka is hit by Andy Miele and loses puck.
14:47 of 1st period - Snap shot by Andy Miele.
14:47 of 1st period - Shot Blocked by Mats Zuccarello.
15:03 of 1st period - Wrist shot by Brendan Gallagher.
15:03 of 1st period - Shot Misses the Net.
15:23 of 1st period - Snap shot by Ryan Kesler.
15:23 of 1st period - Shot Blocked by Matthew Lombardi.
16:02 of 1st period - Slapshot by Justin Abdelkader.
16:02 of 1st period - Stopped by Steve Mason with a rebound.
16:27 of 1st period - Minor Penalty to Dylan Olsen for Slashing.
16:28 of 1st period - Matthew Lombardi wins face-off versus Ryan Kesler in Flyers zone.
16:48 of 1st period - Alexander Ovechkin is hit by Jeff Woywitka.
17:04 of 1st period - Jeff Woywitka is hit by Ryan Kesler and loses puck.
17:09 of 1st period - Snap shot by Mikael Granlund.
17:09 of 1st period - Shot Blocked by Jeff Woywitka.
17:11 of 1st period - Slapshot by John Moore.
17:11 of 1st period - Shot Blocked by Jordan Nolan.
17:13 of 1st period - Snap shot by Alexander Ovechkin.
17:13 of 1st period - Shot Blocked by Jonathan Ericsson.
17:15 of 1st period - Snap shot by Mikael Granlund.
17:15 of 1st period - Shot Blocked by Jonathan Ericsson.
17:27 of 1st period - Chris Mcallister is hit by Ryan Kesler and loses puck.
18:08 of 1st period - Chris Mcallister is hit by Brendan Gallagher and loses puck.
18:27 of 1st period - Penalty to Dylan Olsen is over, Dylan Olsen is back on ice.
18:44 of 1st period - Snap shot by Jeff Carter.
18:44 of 1st period - Stopped by Viktor Fasth without a rebound.
18:45 of 1st period - Andy Miele wins face-off versus Erik Christensen in Predators zone.
18:54 of 1st period - Backhand shot by Andy Miele.
18:54 of 1st period - Stopped by Steve Mason with a rebound.
18:56 of 1st period - Snap shot by John Moore.
18:56 of 1st period - Stopped by Steve Mason without a rebound.
18:57 of 1st period - Jack Eichel wins face-off versus Jordan Nolan in Flyers zone.
19:23 of 1st period - Marcus Kruger is hit by Justin Abdelkader and loses puck.
19:42 of 1st period - Minor Penalty to Dylan Olsen for Holding.
19:43 of 1st period - Jordan Nolan wins face-off versus Ryan Kesler in Flyers zone.
Goals for this period are 0 for Flyers vs 1 for Predators.
Shots for this period are 2 for Flyers vs 11 for Predators.

2nd period


0:01 of 2nd period - Jordan Nolan wins face-off versus Ryan Kesler in neutral zone.
0:16 of 2nd period - Off-side.
0:17 of 2nd period - Andy Miele wins face-off versus Matthew Lombardi in neutral zone.
0:19 of 2nd period - Off-side.
0:20 of 2nd period - Andy Miele wins face-off versus Matthew Lombardi in neutral zone.
0:27 of 2nd period - Snap shot by Brendan Gallagher.
0:27 of 2nd period - Stopped by Steve Mason with a rebound.
0:29 of 2nd period - Snap shot by Andy Miele.
0:29 of 2nd period - Shot Misses the Net.
0:31 of 2nd period - Snap shot by Jaden Schwartz.
0:31 of 2nd period - Shot Misses the Net.
0:33 of 2nd period - Snap shot by Brendan Gallagher.
0:33 of 2nd period - Stopped by Steve Mason with a rebound.
0:35 of 2nd period - Wrist shot by Jaden Schwartz.
0:35 of 2nd period - Stopped by Steve Mason without a rebound.
0:36 of 2nd period - Jordan Nolan wins face-off versus Ryan Kesler in Flyers zone.
1:02 of 2nd period - Jordan Nolan is hit by Jaden Schwartz and loses puck.
1:42 of 2nd period - Penalty to Dylan Olsen is over, Dylan Olsen is back on ice.
1:54 of 2nd period - Snap shot by Marcus Kruger.
1:54 of 2nd period - Stopped by Viktor Fasth without a rebound.
1:55 of 2nd period - Jeff Carter wins face-off versus Nik Antropov in Predators zone.
2:18 of 2nd period - Wrist shot by J.T. Miller.
2:18 of 2nd period - Shot Blocked by Justin Faulk.
2:22 of 2nd period - Snap shot by Jeff Carter.
2:22 of 2nd period - Stopped by Viktor Fasth without a rebound.
2:23 of 2nd period - Jordan Nolan wins face-off versus Ryan Kesler in Predators zone.
2:28 of 2nd period - Snap shot by Jordan Nolan.
2:28 of 2nd period - Deflect By Jakub Voracek.
2:28 of 2nd period - Deflect By Ryan Kesler.
2:28 of 2nd period - Stopped by Viktor Fasth without a rebound.
2:29 of 2nd period - Ryan Kesler wins face-off versus Jakub Voracek in Predators zone.
2:29 of 2nd period - Ryan Mcdonagh is hit by Oliver Ekman-Larsson and loses puck.
2:34 of 2nd period - Wrist shot by Jakub Voracek.
2:34 of 2nd period - Stopped by Viktor Fasth without a rebound.
2:35 of 2nd period - Ryan Kesler wins face-off versus Jordan Nolan in Predators zone.
2:49 of 2nd period - Minor Penalty to Jordan Nolan for Interference.
2:50 of 2nd period - Erik Christensen wins face-off versus Ryan Kesler in Flyers zone.
2:50 of 2nd period - Erik Christensen is hit by Alexander Edler.
4:07 of 2nd period - Chris Mcallister is hit by Alexander Ovechkin and loses puck.
4:49 of 2nd period - Penalty to Jordan Nolan is over, Jordan Nolan is back on ice.
5:23 of 2nd period - Dylan Olsen is hit by Andy Miele and loses puck.
5:41 of 2nd period - Snap shot by Chris Mcallister.
5:41 of 2nd period - Stopped by Viktor Fasth without a rebound.
5:42 of 2nd period - Jordan Nolan wins face-off versus Nik Antropov in Predators zone.
5:55 of 2nd period - Wrist shot by Jakub Voracek.
5:55 of 2nd period - Stopped by Viktor Fasth without a rebound.
5:56 of 2nd period - Ryan Kesler wins face-off versus Erik Christensen in Predators zone.
6:03 of 2nd period - Snap shot by Drew Miller.
6:03 of 2nd period - Shot Misses the Net.
6:14 of 2nd period - Icing by Alexander Ovechkin.
6:15 of 2nd period - Ryan Kesler wins face-off versus Brock Nelson in Predators zone.
7:16 of 2nd period - Snap shot by Mats Zuccarello.
7:16 of 2nd period - Stopped by Viktor Fasth with a rebound.
7:24 of 2nd period - Minor Penalty to Justin Faulk for Tripping.
7:25 of 2nd period - Andy Miele wins face-off versus Jakub Voracek in Predators zone.
7:36 of 2nd period - Mark Pysyk is hit by Jeff Woywitka and loses puck.
9:24 of 2nd period - Penalty to Justin Faulk is over, Justin Faulk is back on ice.
10:22 of 2nd period - J.T. Miller is hit by Jack Eichel and loses puck.
11:49 of 2nd period - Minor Penalty to Matt Smaby for Holding.
11:50 of 2nd period - Ryan Kesler wins face-off versus Matthew Lombardi in Flyers zone.
12:05 of 2nd period - Slapshot by Justin Faulk.
12:05 of 2nd period - Stopped by Steve Mason with a rebound.
12:22 of 2nd period - Slapshot by John Moore.
12:22 of 2nd period - Stopped by Steve Mason with a rebound.
13:49 of 2nd period - Penalty to Matt Smaby is over, Matt Smaby is back on ice.
14:08 of 2nd period - Backhand shot by Marcus Kruger.
14:08 of 2nd period - Shot Blocked by Mark Pysyk.
14:20 of 2nd period - Wrist shot by Erik Christensen.
14:20 of 2nd period - Shot Misses the Net.
14:42 of 2nd period - Jeff Carter is hit by Jack Eichel and loses puck.
14:47 of 2nd period - Wrist shot by Justin Abdelkader.
14:47 of 2nd period - Shot Misses the Net.
14:57 of 2nd period - Slapshot by Nathan Beaulieu.
14:57 of 2nd period - Stopped by Viktor Fasth without a rebound.
14:58 of 2nd period - Erik Christensen wins face-off versus Alex Killorn in Predators zone.
15:09 of 2nd period - Snap shot by Nik Antropov.
15:09 of 2nd period - Stopped by Steve Mason without a rebound.
15:09 of 2nd period - Minor Penalty to Steve Mason for Delaying the game.
15:10 of 2nd period - Matthew Lombardi wins face-off versus Ryan Kesler in Flyers zone.
16:05 of 2nd period - Minor Penalty to Alexander Ovechkin for High sticking.
16:06 of 2nd period - Jeff Carter wins face-off versus Mikael Granlund in Predators zone.
16:14 of 2nd period - Icing by Mikael Granlund.
16:15 of 2nd period - Mikael Granlund wins face-off versus Jeff Carter in Predators zone.
16:29 of 2nd period - Snap shot by J.T. Miller.
16:29 of 2nd period - Shot Blocked by Ryan Mcdonagh.
16:35 of 2nd period - Slapshot by Alexander Edler.
16:35 of 2nd period - Stopped by Steve Mason without a rebound.
16:36 of 2nd period - Jordan Nolan wins face-off versus Mikael Granlund in Flyers zone.
16:46 of 2nd period - Wrist shot by Jordan Nolan.
16:46 of 2nd period - Stopped by Viktor Fasth without a rebound.
16:47 of 2nd period - Jakub Voracek wins face-off versus Mikael Granlund in Predators zone.
17:00 of 2nd period - Wrist shot by Jack Eichel.
17:00 of 2nd period - Shot Misses the Net.
17:09 of 2nd period - Penalty to Matt Smaby is over, Matt Smaby is back on ice.
17:20 of 2nd period - Wrist shot by Matt Smaby.
17:20 of 2nd period - Stopped by Viktor Fasth without a rebound.
17:21 of 2nd period - Jordan Nolan wins face-off versus Andy Miele in Predators zone.
17:51 of 2nd period - Mark Pysyk is hit by J.T. Miller.
18:05 of 2nd period - Penalty to Alexander Ovechkin is over, Alexander Ovechkin is back on ice.
18:17 of 2nd period - Wrist shot by Alexander Ovechkin.
18:17 of 2nd period - Shot Misses the Net.
18:39 of 2nd period - Wrist shot by Chris Mcallister.
18:39 of 2nd period - Shot Misses the Net.
18:52 of 2nd period - Brendan Gallagher is hit by Ryan Callahan and loses puck.
18:56 of 2nd period - Icing by Justin Faulk.
18:57 of 2nd period - Jordan Nolan wins face-off versus Jack Eichel in Predators zone.
18:58 of 2nd period - Snap shot by Jakub Voracek.
18:58 of 2nd period - Shot Blocked by Jaden Schwartz.
19:47 of 2nd period - Slapshot by Justin Abdelkader.
19:47 of 2nd period - Shot Misses the Net.
Goals for this period are 0 for Flyers vs 0 for Predators.
Shots for this period are 10 for Flyers vs 7 for Predators.

3rd period


0:01 of 3rd period - Jordan Nolan wins face-off versus Ryan Kesler in neutral zone.
0:04 of 3rd period - Slapshot by Nathan Beaulieu.
0:04 of 3rd period - Shot Misses the Net.
0:31 of 3rd period - Wrist shot by Marcus Kruger.
0:31 of 3rd period - Stopped by Viktor Fasth without a rebound.
0:32 of 3rd period - Jack Eichel wins face-off versus Jeff Carter in Predators zone.
0:43 of 3rd period - Wrist shot by Marcus Kruger.
0:43 of 3rd period - Stopped by Viktor Fasth with a rebound.
0:45 of 3rd period - Snap shot by J.T. Miller.
0:45 of 3rd period - Shot Blocked by John Moore.
0:47 of 3rd period - Backhand shot by Marcus Kruger.
0:47 of 3rd period - Stopped by Viktor Fasth with a rebound.
0:59 of 3rd period - Ryan Kesler is hit by Jonathan Ericsson.
1:51 of 3rd period - Minor Penalty to Mark Pysyk for Tripping.
1:52 of 3rd period - Andy Miele wins face-off versus Jordan Nolan in Predators zone.
2:00 of 3rd period - Alexander Edler is hit by Oliver Ekman-Larsson and loses puck.
2:05 of 3rd period - Snap shot by Jordan Nolan.
2:05 of 3rd period - Shot Misses the Net.
2:07 of 3rd period - Slapshot by Drew Miller.
2:07 of 3rd period - Shot Blocked by Brendan Gallagher.
3:51 of 3rd period - Penalty to Mark Pysyk is over, Mark Pysyk is back on ice.
4:37 of 3rd period - Andy Miele is hit by Jonathan Ericsson and loses puck.
4:50 of 3rd period - Snap shot by Jaden Schwartz.
4:50 of 3rd period - Goal by Jaden Schwartz - Flyers : 0 - Predators : 2.
4:51 of 3rd period - Ryan Kesler wins face-off versus Jakub Voracek in neutral zone.
4:54 of 3rd period - Matt Smaby is hit by Ryan Kesler and loses puck.
5:01 of 3rd period - Snap shot by Alexander Ovechkin.
5:01 of 3rd period - Stopped by Steve Mason with a rebound.
5:03 of 3rd period - Snap shot by Mikael Granlund.
5:03 of 3rd period - Stopped by Steve Mason with a rebound.
5:05 of 3rd period - Wrist shot by Mikael Granlund.
5:05 of 3rd period - Shot Blocked by Jakub Voracek.
5:07 of 3rd period - Wrist shot by Alexander Edler.
5:07 of 3rd period - Shot Blocked by Dylan Olsen.
5:17 of 3rd period - Brendan Gallagher is hit by Matt Smaby and loses puck.
5:40 of 3rd period - Snap shot by Drew Miller.
5:40 of 3rd period - Deflect By Mats Zuccarello.
5:40 of 3rd period - Stopped by Viktor Fasth with a rebound.
5:50 of 3rd period - Slapshot by Ryan Mcdonagh.
5:50 of 3rd period - Stopped by Steve Mason without a rebound.
5:51 of 3rd period - Jordan Nolan wins face-off versus Ryan Kesler in Flyers zone.
6:25 of 3rd period - Slapshot by Jeff Carter.
6:25 of 3rd period - Shot Hit the Post.
6:27 of 3rd period - Minor Penalty to Jack Eichel for Hooking.
6:28 of 3rd period - Andy Miele wins face-off versus J.T. Miller in Predators zone.
8:05 of 3rd period - Jonathan Ericsson is hit by Nate Schmidt and loses puck.
8:27 of 3rd period - Penalty to Jack Eichel is over, Jack Eichel is back on ice.
8:29 of 3rd period - Icing by Jonathan Ericsson.
8:30 of 3rd period - Ryan Kesler wins face-off versus Matthew Lombardi in Flyers zone.
9:29 of 3rd period - Wrist shot by J.T. Miller.
9:29 of 3rd period - Shot Misses the Net.
9:31 of 3rd period - Slapshot by Dylan Olsen.
9:31 of 3rd period - Shot Blocked by Dmitri Kalinin.
10:13 of 3rd period - Minor Penalty to Alexander Edler for Hooking.
10:14 of 3rd period - Jeff Carter wins face-off versus Andy Miele in Predators zone.
10:41 of 3rd period - Ryan Mcdonagh is hit by Jordan Nolan and loses puck.
11:10 of 3rd period - Slapshot by Ryan Mcdonagh.
11:10 of 3rd period - Shot Blocked by Jeff Woywitka.
11:38 of 3rd period - Brendan Gallagher is hit by Jeff Carter and loses puck.
12:13 of 3rd period - Penalty to Alexander Edler is over, Alexander Edler is back on ice.
12:32 of 3rd period - Erik Christensen is hit by Jaden Schwartz and loses puck.
13:20 of 3rd period - Marcus Kruger is hit by Justin Faulk and loses puck.
13:48 of 3rd period - Brock Nelson is hit by Justin Abdelkader and loses puck.
14:11 of 3rd period - Oliver Ekman-Larsson is hit by Alexander Edler and loses puck.
14:59 of 3rd period - Snap shot by Andy Miele.
14:59 of 3rd period - Shot Misses the Net.
15:01 of 3rd period - Wrist shot by Andy Miele.
15:01 of 3rd period - Shot Misses the Net.
15:11 of 3rd period - Jakub Voracek is hit by Jack Eichel and loses puck.
17:00 of 3rd period - Slapshot by Nik Antropov.
17:00 of 3rd period - Shot Misses the Net.
17:16 of 3rd period - Minor Penalty to Erik Christensen for Tripping.
17:17 of 3rd period - Ryan Kesler wins face-off versus Matthew Lombardi in Flyers zone.
17:26 of 3rd period - Slapshot by Ryan Kesler.
17:26 of 3rd period - Stopped by Steve Mason with a rebound.
17:28 of 3rd period - Snap shot by Mikael Granlund.
17:28 of 3rd period - Goal by Mikael Granlund - Flyers : 0 - Predators : 3.
17:29 of 3rd period - Jordan Nolan wins face-off versus Ryan Kesler in neutral zone.
17:29 of 3rd period - Jakub Voracek is hit by Ryan Kesler and loses puck.
17:33 of 3rd period - Off-side.
17:34 of 3rd period - Ryan Kesler wins face-off versus Jordan Nolan in neutral zone.
17:45 of 3rd period - Wrist shot by Mikael Granlund.
17:45 of 3rd period - Stopped by Steve Mason without a rebound.
17:46 of 3rd period - Jeff Carter wins face-off versus Ryan Kesler in Flyers zone.
17:48 of 3rd period - Minor Penalty to J.T. Miller for Roughing.
17:49 of 3rd period - Ryan Kesler wins face-off versus Jordan Nolan in Flyers zone.
19:48 of 3rd period - Penalty to J.T. Miller is over, J.T. Miller is back on ice.
Goals for this period are 0 for Flyers vs 2 for Predators.
Shots for this period are 4 for Flyers vs 7 for Predators.